 Dungeon Crawl Stone Soup version 0.25-a0-339-gb37b713d4c (webtiles) character file.

Game seed: 2423682601849162911, levelgen mode: deterministic

683 pk666 the Magician (level 7, -2/36 HPs)
             Began as a Deep Elf Wizard on Dec 28, 2019.
             Killed from afar by an orc wizard (5 damage)
             ... with a magic dart
             ... on level 5 of the Dungeon.
             The game lasted 00:14:59 (6832 turns).

pk666 the Magician (Deep Elf Wizard)                Turns: 6832, Time: 00:14:59

Health: -2/36      AC:  4    Str:  4    XL:     7   Next: 35%
Magic:  16/18      EV: 16    Int: 27    God:
Gold:   263        SH:  0    Dex: 13    Spells: 10/19 levels left

rFire    . . .     SeeInvis .   g - +1 dagger
rCold    . . .     Gourm    .   (no shield)
rNeg     . . .     Faith    .   a - +0 robe
rPois    .         Spirit   .   b - +1 hat
rElec    .         Reflect  .   (no cloak)
rCorr    .         Harm     .   m - +0 pair of gloves
MR       .....                  (no boots)
Stlth    ++........             (no amulet)
HPRegen  0.12/turn              p - +3 ring of evasion
MPRegen  0.16/turn              n - +2 ring of intelligence

@: no status effects
A: no striking features
a: no special abilities


You were on level 5 of the Dungeon.
You were not hungry.

You visited 1 branch of the dungeon, and saw 5 of its levels.

You collected 263 gold pieces.

Inventory:

Hand Weapons
 g - a +1 dagger (weapon)
Armour
 a - a +0 robe (worn)
 b - a +1 hat (worn)
 m - a +0 pair of gloves (worn)
Jewellery
 n - a +2 ring of intelligence (right hand)
 p - a +3 ring of evasion (left hand)
Scrolls
 f - 6 scrolls of identify
 h - 2 scrolls of enchant weapon
 i - a scroll of random uselessness {unknown}
 l - 4 scrolls of teleportation {unknown}
 o - 4 scrolls of fog {unknown}
 q - 2 scrolls of amnesia
 r - 2 scrolls of fear {unknown}
 v - a scroll of enchant armour
 w - a scroll of magic mapping {unknown}
 y - a scroll of remove curse {unknown}
Potions
 c - a potion of ambrosia {unknown}
 e - 2 potions of brilliance {unknown}
 j - 2 potions of flight {unknown}
 k - 4 potions of curing
 s - a potion of berserk rage {unknown}
 t - 2 potions of magic {unknown}
 u - a potion of cancellation {unknown}
 x - a potion of haste {unknown}
 z - a potion of lignification {unknown}
 A - a potion of degeneration {unknown}
 B - a potion of invisibility {unknown}
Comestibles
 d - 9 rations
 C - a chunk of flesh


   Skills:
 - Level 3.5 Dodging
 - Level 2.4 Stealth
 + Level 6.5 Spellcasting
 + Level 4.2 Conjurations
   Level 1.1 Summonings
 - Level 1.1 Translocations
 + Level 3.4 Fire Magic
 - Level 3.0 Air Magic
 - Level 3.0 Poison Magic


You had 10 spell levels left.
You knew the following spells:

 Your Spells              Type           Power        Failure   Level  Hunger
a - Magic Dart            Conj           ####         1%          1    None
b - Blink                 Tloc           N/A          6%          2    None
c - Conjure Flame         Conj/Fire      ####....     3%          3    None
d - Mephitic Cloud        Conj/Pois/Air  ####....     4%          3    None

Your spell library contained the following spells:

 Spells                   Type           Power        Failure   Level  Hunger
 Call Imp                 Summ           ##......     6%          2    None
 Slow                     Hex            #.......     10%         2    None


Dungeon Overview and Level Annotations

Branches:
Dungeon (5/15)
 Temple: D:4-7

Altars:
Ashenzari
Cheibriados
Dithmenos
Elyvilon
Ru
Sif Muna
Uskayaw
Wu Jian
Yredelemnul


Message History

You barely miss something.
You hear some strange, mumbled words.
A puff of flame appears from out of thin air!
The puff of flame hits you.
Casting: Magic Dart (safe; 1% risk of failure)
Confirm with . or Enter, or press ? or * to list all spells.
You don't know that spell.
Sorry, you're not good enough to have a special ability.
You miss something.
You see here a howler monkey skeleton.
There is an open door here.
A puff of flame appears from out of thin air!
The puff of flame hits you!
* * * LOW HITPOINT WARNING * * *
A puff of flame appears from out of thin air!
The puff of flame hits you.
* * * LOW HITPOINT WARNING * * *
A magic dart appears from out of thin air!
The magic dart hits you.
You die...

##.....).#
##......#
####......#
#..'รท.....#
#.##......# ####
#.######+## #...
#.# #.## #.# #.#
#@# #.# #.# #.#
#.# #.# #.# #.#
#.# #.# #.# #.#
#.# #[# #.# #.#
#.#############.#


There were no monsters in sight!

Vanquished Creatures
  A phantom (D:4)
  A howler monkey (D:5)
  A centaur zombie (D:5)
  A jelly (D:5)
  A crimson imp (D:5)
  A hound (D:5)
  An orc wizard (D:4)
  A gnoll shaman (D:4)
  A centaur skeleton (D:4)
  An orc priest (D:4)
  2 worker ant zombies (D:5)
  A howler monkey skeleton (D:5)
  9 gnolls
  6 adders
  2 oozes (D:3)
  3 worms
  2 dart slugs (D:1)
  5 leopard geckos
  11 orcs
  2 ball pythons (D:3)
  6 giant cockroaches
  11 hobgoblins
  8 jackals
  10 kobolds
  A quokka (D:2)
  7 bats
  3 frilled lizards
  11 goblins
  A jackal skeleton (D:4)
  9 rats
120 creatures vanquished.

Notes
Turn   | Place    | Note
-------+----------+-------------------------------------------
     0 | D:1      | pk666 the Deep Elf Wizard began the quest for the Orb.
     0 | D:1      | Reached XP level 1. HP: 10/10 MP: 7/7
   268 | D:1      | Reached XP level 2. HP: 15/15 MP: 7/9
   290 | D:1      | Learned a level 2 spell: Blink
   778 | D:1      | Reached XP level 3. HP: 13/19 MP: 1/11
   805 | D:1      | Reached skill level 5 in Spellcasting
   891 | D:1      | Learned a level 3 spell: Conjure Flame
   895 | D:1      | Learned a level 3 spell: Mephitic Cloud
  1611 | D:2      | Found a white marble altar of Elyvilon.
  1712 | D:2      | Found a shattered altar of Ashenzari.
  1720 | D:2      | Reached XP level 4. HP: 24/24 MP: 5/13
  1788 | D:2      | Reached skill level 1 in Fire Magic
  2113 | D:2      | Reached skill level 1 in Poison Magic
  2134 | D:2      | Found a shadowy altar of Dithmenos.
  2712 | D:2      | Found a shimmering blue altar of Sif Muna.
  2926 | D:3      | Reached skill level 1 in Air Magic
  3250 | D:3      | Found an ornate altar of the Wu Jian Council.
  3440 | D:3      | Reached XP level 5. HP: 28/28 MP: 10/14
  3873 | D:3      | Found a hide-covered altar of Uskayaw.
  4777 | D:4      | Reached XP level 6. HP: 32/32 MP: 8/16
  4962 | D:4      | Found a basalt altar of Yredelemnul.
  5131 | D:4      | Reached skill level 6 in Spellcasting
  5740 | D:5      | Entered Level 5 of the Dungeon
  5895 | D:5      | Reached XP level 7. HP: 36/36 MP: 10/18
  6588 | D:5      | Found a snail-covered altar of Cheibriados.
  6743 | D:5      | Found a sacrificial altar of Ru.
  6832 | D:5      | Killed from afar by an orc wizard

Levels and vault maps discovered:
D:1:      dpeg_arrival_morbid_curiosity, layout_basic, minivault_14
D:2:      layout_loops_ring, elyvilon_altar_3, evilmike_ruin_ashenzari,
          overflow_temple_1_default, lemuel_round_altar, first_ration,
          palyth_stone_intersect
D:3:      layout_basic, eat_drink_and_be_merry_uskayaw, lemuel_doored_altar,
          serial_bayou_pond_e
D:4:      wad_pebble_path, layout_loops_corners, kennysheep_little_box,
          eino_small_chamber_without_monster
D:5:      layout_basic, nicolae_overflow_crystal_walls, nicolae_ru_awakened_eye

Skill      XL: |  1  2  3  4  5  6  7 |
---------------+----------------------+-----
Dodging        | 3 |  3.5
Conjurations   | 2 3 4 |  4.2
Spellcasting   | 5 6 |  6.5
Fire Magic     | 1 2 3 |  3.4
Poison Magic   | 1 2 3 |  3.0
Air Magic      | 1 2 3 |  3.0
Stealth        | |  2.4
Summonings     | |  1.1
Translocations | |  1.1

Action                   |  1- 3 |  4- 6 |  7- 9 || total
-------------------------+-------+-------+-------++-------
Melee: Dagger            |       |     6 |     6 ||    12
 Cast: Magic Dart        |   100 |   210 |    67 ||   377
       Conjure Flame     |       |    12 |     6 ||    18
       Mephitic Cloud    |       |     3 |     3 ||     6
       Blink             |       |       |     1 ||     1
  Use: Scroll            |       |     4 |       ||     4
  Eat: Chunk             |     2 |     9 |     3 ||    14
       Ration            |       |     1 |       ||     1
Armor: Robe              |     3 |     7 |     1 ||    11
Dodge: Dodged            |    12 |    43 |    17 ||    72

Table legend:
 A = Non-vault XP
 B = Vault XP
 C = Vault XP percentage of total XP
 D = Non-vault monster count
 E = Vault monster count
 F = Vault count percentage of total count
                 A         B        C        D         E       F
            +---------+---------+-------+---------+---------+-------
      Total |     968 |       9 |   0.9 |     115 |       5 |   4.2
            +---------+---------+-------+---------+---------+-------
        D:1 |      48 |       9 |  15.8 |      25 |       5 |  16.7
        D:2 |      89 |       0 |   0.0 |      23 |       0 |   0.0
        D:3 |     141 |       0 |   0.0 |      29 |       0 |   0.0
        D:4 |     368 |       0 |   0.0 |      21 |       0 |   0.0
        D:5 |     322 |       0 |   0.0 |      17 |       0 |   0.0
            +---------+---------+-------+---------+---------+-------
